 Dungeon Crawl Stone Soup version 0.21.0-3-g78d12a8 (webtiles) character file.

68 Monsterracer the Insei (level 4, 11/38 HPs)
             Began as a Naga Transmuter on Jan 9, 2018.
             Quit the game on level 3 of the Dungeon.
             The game lasted 00:04:16 (3175 turns).

Monsterracer the Insei (Naga Transmuter)            Turns: 3175, Time: 00:04:17

Health: 11/38      AC:  2    Str: 12    XL:     4   Next: 19%
Magic:  7/7        EV: 10    Int: 14    God:
Gold:   132        SH:  0    Dex: 12    Spells: 3/7 levels left

rFire    . . .     SeeInvis +     - Unarmed
rCold    . . .     Gourm    .   (no shield)
rNeg     . . .     Faith    .   b - +0 robe
rPois    +         Spirit   .   (no helmet)
rElec    .         Reflect  .   (no cloak)
rCorr    .         Harm     .   (no gloves)
MR       .....                  (no barding)
Stlth    +.........             (no amulet)
HPRegen  0.12/turn              (no ring)
MPRegen  0.10/turn              (no ring)

@: very slow
A: large, see invisible, deformed body, poison resistance, slowness 2, slow
metabolism 1, spit poison 1, AC +1
a: Spit Poison


You were on level 3 of the Dungeon.
You were not hungry.

You visited 1 branch of the dungeon, and saw 3 of its levels.

You collected 132 gold pieces.

Inventory:

Missiles
 a - 36 arrows
Armour
 b - a +0 robe (worn)
Scrolls
 e - a scroll of fear {unknown}
 f - 2 scrolls of teleportation {unknown}
 g - a scroll of noise {unknown}
 h - 3 scrolls of identify {unknown}
 j - a scroll of immolation {unknown}
 k - a scroll of magic mapping {unknown}
 l - a scroll of enchant weapon {unknown}
Books
 c - a book of Changes

   Spells                             Type                      Level
   a - Beastly Appendage              Transmutation                1
   b - Sticks to Snakes               Transmutation                2
   c - Spider Form                    Transmutation/Poison         3
   d - Ice Form                       Ice/Transmutation            4
   e - Blade Hands                    Transmutation                5
Comestibles
 d - 5 rations


   Skills:
 - Level 1.0 Fighting
 - Level 1.5 Dodging
 * Level 4.0 Unarmed Combat
 - Level 2.0 Spellcasting
 * Level 3.3 Transmutations


You had 3 spell levels left.
You knew the following spells:

 Your Spells              Type           Power        Failure   Level  Hunger
a - Beastly Appendage     Tmut           ##....       6%          1    ##.....
c - Spider Form           Tmut/Pois      #.........   34%         3    ####...


Dungeon Overview and Level Annotations

Branches:
Dungeon (3/15)

Altars:
Ashenzari
Sif Muna

Annotations:
D:3 Suckerboh's ghost, amateur SpEn


Innate Abilities, Weirdness & Mutations

You cannot wear boots.
Your serpentine skin is tough. (AC +1)
You have supernaturally acute eyesight. (SInv)
Armour fits poorly on your strangely shaped body.
Your system is resistant to poisons. (rPois)
You cover ground very slowly.
You have a slow metabolism.
You can spit poison.


Message History

Here: Suckerboh's ghost The floor.
Casting: Spider Form
Confirm with . or Enter, or press ? or * to list all spells.
Okay, then.
Casting: Spider Form
Confirm with . or Enter, or press ? or * to list all spells.
You grow a pair of large bovine horns.
Suckerboh's ghost hits you.
You take 1 damage, and have 35/38 hp.
You now have 6/7 mp.
You miss Suckerboh's ghost. Suckerboh's ghost hits you.
You take 1 damage, and have 34/38 hp.
You barely miss Suckerboh's ghost. Suckerboh's ghost closely misses you.
You barely miss Suckerboh's ghost.
Suckerboh's ghost gestures at you while chanting.
The spray of energy misses you.
You closely miss Suckerboh's ghost. Your headbutt misses Suckerboh's ghost.
Suckerboh's ghost hits you.
You take 3 damage, and have 31/38 hp.
You miss Suckerboh's ghost. Suckerboh's ghost hits you.
You take 2 damage, and have 29/38 hp.
Unknown command.
You miss Suckerboh's ghost. You completely miss Suckerboh's ghost.
Your punch misses Suckerboh's ghost. Suckerboh's ghost hits you.
You take 3 damage, and have 26/38 hp.
Press: ? - help, v - describe, . - travel
Here: Suckerboh's ghost The floor.
Your transformation is almost over.
Suckerboh's ghost hits you.
You take 1 damage, and have 25/38 hp.
MP restored: 7 Suckerboh's ghost whispers, "Death doesn't hurt.
What you feel is life." Suckerboh's ghost casts a spell at you.
You resist with some effort. Suckerboh's ghost hits you.
You take 4 damage, and have 22/38 hp.
Your horns disappear.
You closely miss Suckerboh's ghost. Suckerboh's ghost hits you.
You take 1 damage, and have 22/38 hp.
Suckerboh's ghost shouts, "I was like you once."
Suckerboh's ghost tries to sneak away.
Suckerboh's ghost casts a spell at you.
You are confused.
It was a potion of heal wounds.
You feel much better.
Suckerboh's ghost completely misses you.
Health restored: 38 It was a potion of cancellation.
Your magical effects are unravelling.
You feel magically purged.
You feel less confused. Suckerboh's ghost hits you.
You take 2 damage, and have 36/38 hp.
You closely miss Suckerboh's ghost.
Suckerboh's ghost keens inconsolably.
Suckerboh's ghost casts a spell at you. The spray of energy misses you.
You barely miss Suckerboh's ghost.
Suckerboh's ghost points at you and mumbles some strange words.
You are confused.
You're too confused to move!
Suckerboh's ghost hits you.
You take 3 damage, and have 33/38 hp.
You bump into the rock wall.
Suckerboh's ghost gestures at you while chanting.
You are more confused.
You bump into the rock wall.
Suckerboh's ghost misses you.
You're too confused to move!
Suckerboh's ghost gestures at you while chanting.
The spray of energy hits you!
* * * LOW HITPOINT WARNING * * *
You are more confused.
You take 14 damage, and have 19/38 hp.
MASSIVE DAMAGE!!
Suckerboh's ghost hits you.
* * * LOW HITPOINT WARNING * * *
You take 4 damage, and have 15/38 hp.
Suckerboh's ghost tries to sneak away.
Suckerboh's ghost hits you.
* * * LOW HITPOINT WARNING * * *
You take 3 damage, and have 13/38 hp.
You're too confused to move!
Suckerboh's ghost closely misses you.
You bump into the rock wall.
Suckerboh's ghost points at you and mumbles some strange words.
You resist with some effort.
Press: ? - help, v - describe, . - travel The floor.
Suckerboh's ghost gestures at you while chanting.
The spray of energy misses you.
Suckerboh's ghost points at you and mumbles some strange words.
You are more confused.
Suckerboh's ghost hits you.
* * * LOW HITPOINT WARNING * * *
You take 2 damage, and have 12/38 hp.
Suckerboh's ghost barely misses you.
You bump into the rock wall.
Suckerboh's ghost barely misses you.
You completely miss Suckerboh's ghost.
You feel less confused. Suckerboh's ghost hits you.
* * * LOW HITPOINT WARNING * * *
You take 1 damage, and have 11/38 hp.
Are you sure you want to abandon this character and quit the game? (Confirm with "yes".)

#...# #.# ###.## ##.#
#..###.## . #.#...##
##. #.##### #.. #.#
#.############ #.#
##.##......[..#####.#
#........#@W........#
#...#...#..##.#######
#...#...#..##.#
###.#####.###.#
##.###.####.#
##.........#
###########


You could see Suckerboh's ghost.

Vanquished Creatures
  An adder (D:3)
  4 dart slugs
  A leopard gecko (D:2)
  3 giant cockroaches
  5 goblins
  8 hobgoblins
  A ball python (D:1)
  9 bats
  3 frilled lizards
  7 kobolds
  5 rats
47 creatures vanquished.

Notes
Turn   | Place    | Note
-------+----------+-------------------------------------------
     0 | D:1      | Monsterracer the Naga Transmuter began the quest for the Orb.
     0 | D:1      | Reached XP level 1. HP: 18/18 MP: 3/3
   133 | D:1      | HP: 8/18 [kobold (3)]
   137 | D:1      | Reached XP level 2. HP: 12/25 MP: 3/5
   803 | D:1      | HP: 10/25 [hobgoblin/club (7)]
   810 | D:1      | HP: 4/25 [hobgoblin/club (2)]
  1090 | D:1      | HP: 12/25 [hobgoblin (4)]
  1091 | D:1      | Reached XP level 3. HP: 15/31 MP: 6/6
  1096 | D:1      | Learned a level 3 spell: Spider Form
  2379 | D:2      | Found a deep blue altar of Sif Muna.
  2631 | D:2      | Found a shattered altar of Ashenzari.
  2801 | D:2      | Reached XP level 4. HP: 30/38 MP: 7/7
  2899 | D:2      | Reached skill level 4 in Unarmed Combat
  3131 | D:3      | Noticed Suckerboh's ghost (amateur SpEn)
  3161 | D:3      | HP: 19/38 [Suckerboh's ghost/spray of energy (14)]
  3170 | D:3      | HP: 12/38 [Suckerboh's ghost (2)]
  3175 | D:3      | Quit the game

Skill      XL: |  1  2  3  4 |
---------------+-------------+-----
Transmutations | 3 |  3.3
Unarmed Combat | 4 |  4.0
Fighting       | |  1.0
Dodging        | |  1.5
Spellcasting   | |  2.0

Action                   |  1- 3 |  4- 6 || total
-------------------------+-------+-------++-------
Melee: Unarmed           |   151 |    23 ||   174
       Headbutt          |     1 |       ||     1
       Punch             |       |     1 ||     1
 Cast: Beastly Appendage |     2 |     1 ||     3
       Spider Form       |     2 |       ||     2
 Abil: Spit Poison       |     5 |       ||     5
  Use: Potion            |       |     2 ||     2
  Eat: Chunk             |     4 |     2 ||     6
Armor: Robe              |    26 |     3 ||    29
Dodge: Dodged            |   101 |    15 ||   116

Vault maps used:
D:1:      nagdon_arrival_zigzag_paths
D:2:      led_sif_pool, lemuel_round_altar
D:3:      gammafunk_temple_overflow_statue, first_ration,
          grunt_decor_one_mirror, uniq_jessica, uniq_terence, uniq_ijyb,
          uniq_robin
